AoeStats
← 瓦兰吉程咬金三板斧

African Clearing

510438259Analyzed
4v4 RM · 2d ago on Oct 1, 2026· 35m 52s· 8 players
Game mode
Random Map
Map size
Large (8 player)
Population
200
Speed
Normal
Resources
Standard
Victory
Conquest
Starting age
Dark Age
Ending age
Imperial Age
RankedLock teamsTeams togetherTeam positionsShared explorationLock speedFull tech treeHidden civsTurbo modeCheats
Victory
Defeat
🇨🇳 Franks · China
1575
+14
🇨🇦 Vikings · Canada
1491
+17
1478
+18
🇦🇷 Wu · Argentina
1458
+19
🇨🇴 Slavs · Colombia
1584
-20
🇨🇴 Dravidians · Colombia
1545
-18
🇨🇴 Poles · Colombia
1508
-16
🇨🇴 Inca · Colombia
1440
-14
ノルフ
11:38 Loom
14:41 Feudal Age
15:53 Double-Bit Axe
18:36 Castle Age
16:37 Horse Collar
17:10 Scale Mail Armor
17:20 Forging
17:45 Man-at-Arms
18:40 Long Swordsman
20:48 Chain Mail Armor
22:42 Squires
29:33 Iron Casting
33:46 Bow Saw
33:39 Heavy Plow
35:05 Town Watch
38:48 Imperial Age
MAGOYA
5:15 Loom
12:37 Feudal Age
13:28 Double-Bit Axe
13:08 Man-at-Arms
13:57 Town Watch
17:54 Forging
17:34 Arson
19:05 Scale Mail Armor
21:31 Horse Collar
28:37 Castle Age
36:09 Bow Saw
36:01 Heavy Plow
教授
13:39 Feudal Age
12:36 Loom
14:27 Double-Bit Axe
17:50 Castle Age
17:41 Double-Bit Axe
18:30 Fishing Lines
25:40 Forging
25:45 Gillnets
26:56 Scale Mail Armor
27:53 Chain Mail Armor
28:14 Iron Casting
27:51 Gold Mining
28:18 Town Watch
30:03 Squires
29:48 Arson
35:31 Imperial Age
33:52 Stone Mining
35:39 Elite Throwing Axeman
36:52 Plate Mail Armor
37:22 Blast Furnace
瓦兰吉程咬金三板斧
9:55 Loom
12:41 Feudal Age
11:16 Loom
13:13 Feudal Age
17:35 Castle Age
15:55 Double-Bit Axe
18:55 Bow Saw
23:28 Scale Mail Armor
24:02 Gold Mining
27:27 Wheelbarrow
27:21 Forging
28:54 Gold Mining
30:47 Chain Mail Armor
33:16 Domestication
33:39 Squires
33:25 Gambesons
35:37 Hand Cart
VLC | SnowBall
4:42 Loom
11:43 Feudal Age
16:48 Castle Age
14:59 Double-Bit Axe
17:04 Bloodlines
17:00 Scale Barding Armor
23:42 Horse Collar
27:51 Heavy Plow
28:10 Bow Saw
29:04 Husbandry
29:25 Chain Barding Armor
29:15 Forging
30:47 Fletching
31:09 Forging
32:32 Bodkin Arrow
37:26 Imperial Age
VLC | GCuello
10:13 Loom
12:24 Feudal Age
13:36 Double-Bit Axe
15:57 Forging
18:00 Scale Barding Armor
20:09 Wheelbarrow
20:46 Bloodlines
21:15 Horse Collar
26:14 Castle Age
24:25 Scale Mail Armor
24:30 Gold Mining
24:34 Man-at-Arms
27:12 Bow Saw
26:29 Long Swordsman
26:31 Light Cavalry
27:12 Husbandry
27:55 Squires
29:08 Chain Mail Armor
VLC | NickNF
11:02 Loom
11:10 Loom
13:35 Feudal Age
15:52 Double-Bit Axe
16:40 Horse Collar
17:38 Forging
17:33 Scale Mail Armor
19:49 Castle Age
17:31 Champi Runner
18:57 Scale Mail Armor
20:09 Forging
20:07 Champi Warrior
21:16 Town Watch
23:21 Fletching
VLC | Tithen
10:06 Loom
12:22 Feudal Age
13:14 Double-Bit Axe
15:33 Fletching
21:24 Castle Age
21:22 Horse Collar
21:44 Crossbowman
22:24 Bodkin Arrow
33:48 Padded Archer Armor
Connection lost

Rejoining the realm…

Still unreachable

The connection could not be restored.

Session expired

The server has moved on; the page needs a fresh start.